 Dungeon Crawl Stone Soup version 0.26-a0-651-gb41185065b (webtiles) character file.

Game seed: 17734976873006053034

483 smeego the Slasher (level 7, -3/70 HPs)
             Began as an Octopode Fighter on Sept 29, 2020.
             Killed by divine providence
             ... invoked by an orc priest
              (15 damage)
             ... on level 4 of the Dungeon.
             The game lasted 00:04:06 (3565 turns).

smeego the Slasher (Octopode Fighter)               Turns: 3565, Time: 00:04:06

Health: -3/70      AC: 23    Str: 17    XL:     7   Next: 12%
Magic:  7/7        EV:  2    Int: 10    God:
Gold:   93         SH: 10    Dex: 12    Spells: 6/6 levels left

rFire    . . .     SeeInvis .     - Unarmed
rCold    . . .     Faith    .   b - +1 kite shield
rNeg     + + +     Spirit   .   (helmet currently unavailable)
rPois    +         Reflect  .   (no amulet)
rElec    .         Harm     .   x - ring of positive energy
rCorr    .         Rampage  .   y - +4 ring of evasion
MR       .....     NoTele   +   (no ring)
Stlth    ++........             (no ring)
HPRegen  0.21/turn              (no ring)
MPRegen  0.10/turn              (no ring)
                                (no ring)
                                (no ring)

@: tree-form
A: almost no armour, stealthy swim, (amphibious), 8 rings, (constrict 8)
a: no special abilities


You were on level 4 of the Dungeon.
You were a tree.
You visited 1 branch of the dungeon, and saw 4 of its levels.

You collected 93 gold pieces.

Inventory:

Hand Weapons
 a - a +0 long sword
 g - a +0 hunting sling
 p - a +2 dagger of venom
Missiles
 e - 34 sling bullets
 l - 17 poisoned darts
 n - 7 atropa-tipped darts (quivered)
 t - 8 curare-tipped darts
Armour
 b - a +1 kite shield (worn)
Jewellery
 w - an uncursed amulet of faith
 x - a ring of positive energy (left branch)
 y - a +4 ring of evasion (right branch)
Wands
 v - a wand of paralysis (6)
Scrolls
 h - a scroll of enchant weapon {unknown}
 i - a scroll of enchant armour
 k - a scroll of amnesia
 o - 2 scrolls of identify
 q - a scroll of fog {unknown}
 r - 2 scrolls of teleportation {unknown}
 s - a scroll of immolation {unknown}
 A - 2 scrolls of magic mapping
Potions
 c - 3 potions of might
 d - 2 potions of lignification
 f - 3 potions of curing
 u - a potion of resistance
 z - a potion of haste {unknown}


   Skills:
 + Level 3.9 Fighting
 * Level 4.2 Long Blades
 + Level 2.2 Throwing
 + Level 3.9 Dodging
 + Level 3.0 Stealth
 + Level 3.8 Shields
 + Level 2.2 Unarmed Combat


You had 6 spell levels left.
You didn't know any spells.
Your spell library was empty.

Dungeon Overview and Level Annotations

Branches:
Dungeon (4/15)
 Temple: D:4-7

Altars:

Shops:
D:4 *


Innate Abilities, Weirdness & Mutations

You cannot wear most types of armour.
You are very stealthy in the water. (Stealth+)
((You are amphibious.))
You can wear up to eight rings at the same time.
((You can use your tentacles to constrict eight enemies at once.))
((Your skin changes colour to match your surroundings (Stealth+).))
((Your rubbery body absorbs attacks. (AC +1, EV +1)))


Message History

You hit the orc priest.
The orc priest is lightly wounded.
The orc hits you but does no damage. The orc priest barely misses you.
You block the orc's attack.
Unknown command.
It was a potion of magic.
Magic courses through your body. The orc hits you but does no damage.
You block the orc priest's attack. The orc hits you but does no damage.
It was a potion of cancellation.
Your magical effects are unravelling.
You feel magically purged.
You feel less wooden. You block the orc's attack.
You block the orc priest's attack. You block the orc's attack.
Really quaff the potion of lignification?
You turn into a tree.
Your roots penetrate the ground.
The orc hits you but does no damage.
The orc priest calls down the wrath of Beogh upon you.
Beogh smites you!
You die...

#..#.# #.............
#....# #######.######
#....##############..# #..
#....................# #.#
##'#################.###.#
#.# **#........##.# #.#
*##<..####.#.##.#
#.#######....###*#.......
#.......♣oo.....,###.##..
#########o...###,* #..#..
*....# *,* ##.#.. *....#
*,* #.#.. *....# *,* #....
####### *##### *,* ##...
#.....####### *,* #..#
#...........#####+######.#
#............##........#..


You could see an orc priest and 2 orcs.

Vanquished Creatures
  An ice beast (D:4)
  A bullfrog (D:4)
  A hound (D:4)
  2 orc wizards
  An orc priest (D:4)
  A bullfrog skeleton (D:4)
  An iguana (D:4)
  A hound skeleton (D:4)
  4 gnolls (D:2)
  2 adders
  An ooze (D:3)
  2 worms
  4 dart slugs
  5 leopard geckos
  8 orcs
  6 bats
  A giant cockroach (D:1)
  3 goblins
  3 hobgoblins
  3 jackals (D:3)
  10 kobolds
  A quokka (D:2)
  5 frilled lizards
  5 rats
72 creatures vanquished.

Notes
Turn   | Place    | Note
-------+----------+-------------------------------------------
     0 | D:1      | smeego the Octopode Fighter began the quest for the Orb.
     0 | D:1      | Reached XP level 1. HP: 16/16 MP: 1/1
   190 | D:1      | Reached XP level 2. HP: 21/21 MP: 2/2
  1278 | D:2      | Reached skill level 1 in Stealth
  1278 | D:2      | Reached XP level 3. HP: 25/26 MP: 3/3
  1407 | D:2      | Found a faded altar of an unknown god.
  1529 | D:2      | Reached skill level 1 in Unarmed Combat
  1532 | D:2      | Reached skill level 1 in Throwing
  1532 | D:2      | Reached XP level 4. HP: 29/31 MP: 4/4
  1987 | D:3      | Reached skill level 3 in Long Blades
  1987 | D:3      | Reached XP level 5. HP: 36/36 MP: 5/5
  2210 | D:3      | Noticed a sky beast
  2625 | D:4      | Found Katt's Mayhem Merchandise.
  2772 | D:4      | Reached XP level 6. HP: 28/42 MP: 6/6
  2866 | D:4      | Noticed an ice beast
  2877 | D:4      | Killed an ice beast
  3183 | D:4      | Reached skill level 4 in Long Blades
  3519 | D:4      | Reached XP level 7. HP: 47/47 MP: 7/7
  3565 | D:4      | Killed from afar by an orc priest

Illustrated notes

Levels and vault maps discovered:
D:1:      minmay_arrival_five_plusses, layout_basic
D:2:      layout_loops_ring, chequers_ecumenical_altar_island
D:3:      layout_rooms, kennysheep_generic_room_9
D:4:      cheibrodos_barr_body, layout_basic, hangedman_glass_teeth,
          minmay_shop_mayhem, minmay_manual_mail

Skill      XL: |  1  2  3  4  5  6 |
---------------+-------------------+-----
Stealth        | 1 2 3 |  3.0
Unarmed Combat | 1 2 |  2.2
Throwing       | 1 2 |  2.2
Long Blades    | 3 4 |  4.2
Fighting       | |  3.9
Dodging        | |  3.9
Shields        | |  3.8

Action                   |  1- 3 |  4- 6 |  7- 9 || total
-------------------------+-------+-------+-------++-------
Melee: Long sword        |    35 |    59 |     1 ||    95
       Constrict         |    16 |    26 |       ||    42
       Tentacles         |     8 |    19 |       ||    27
       Dagger            |     6 |    29 |       ||    35
       Punch             |       |     1 |       ||     1
       Unarmed           |       |       |     5 ||     5
 Fire: Hunting sling     |       |     8 |       ||     8
  Use: Scroll            |       |     9 |       ||     9
       Potion            |       |       |     4 ||     4
 Stab: Sleeping          |     7 |    10 |       ||    17
       Distracted        |       |     1 |       ||     1
Armor: Skin              |     2 |     6 |    10 ||    18
Dodge: Dodged            |    15 |    40 |     1 ||    56
Block: Kite shield       |    19 |    28 |     7 ||    54
       Rpst.: Long sword |     6 |    11 |       ||    17

Table legend: (Time is in decaauts)
 A = Elapsed time spent in this place.
 B = Non-inter-level travel time spent in this place.
 C = Inter-level travel time spent in this place.
 D = Time resting spent in this place.
 E = Time spent auto-exploring this place.
 F = Levels seen in this place.
 G = Mean time per level.
                   A        B        C        D        E       F      G
               +--------+--------+--------+--------+--------+-----+--------+
         Total |   3594 |   3463 |    131 |    399 |   2460 |   4 |  898.5 |
       Dungeon |   3594 |   3463 |    131 |    399 |   2460 |   4 |  898.5 |
               +--------+--------+--------+--------+--------+-----+--------+

Top non-repeatable levels by time:
     D:2: 1311 daAuts
     D:4: 947 daAuts
     D:1: 758 daAuts
     D:3: 576 daAuts
